General information
- name: BNet
- type: Ladder team game (AT/RT)
- host: Battle.net
- saver: BloodMageOnly
map: Battleground
- players: 8
- length: 16:28
- speed: Fast
- version: 1.26 W3XP
- replay type: Public
» download(98 KB)
Players
team 1 (loser)

»
WittheQuickness (
orange | 30 APM | 489 actions | 16:28)
3 Blood Mage
2 Flame Strike
1 Siphon Mana
2 Paladin
1 Holy Light
1 Divine Shield
» actions
| Basic commands | 2 | |
| Build / train | 43 | |
| Enter build submenu | 18 | |
| Enter hero's abilities submenu | 5 | |
| Give item / drop item | 1 | |
| Remove unit from queue | 4 | |
| Right click | 178 | |
| Select / deselect | 183 | |
| Use ability | 55 | |
489 total
» units
| Peasant | 9 | |
| Footman | 7 | |
| Crypt Fiend | 1 | |
| Gryphon Rider | 3 | |
20 total
» upgrades
| Swords | 1 | |
| Storm Hammers | 1 | |
| Animal War Training | 1 | |
3 total
» buildings
| Altar of Kings | 1 | |
| Farm | 10 | |
| Barracks | 1 | |
| Scout Tower | 3 | |
| Lumber Mill | 2 | |
| Arcane Vault | 1 | |
| Guard Tower | 3 | |
| Halls of the Dead | 1 | |
| Keep | 1 | |
| Blacksmith | 1 | |
| Castle | 1 | |
| Gryphon Aviary | 2 | |
| Arcane Sanctum | 1 | |
28 total
» build order
00:34 Altar of Kings
00:38 Farm
00:43 Barracks
01:20 Farm
01:37 Scout Tower
01:43 Lumber Mill
02:02 Arcane Vault
02:16 Scout Tower
02:47 Guard Tower
03:03 Halls of the Dead
03:54 Guard Tower
04:05 Keep
05:42 Blacksmith
05:58 Farm
06:03 Farm
06:07 Farm
06:12 Farm
06:53 Castle
08:46 Gryphon Aviary
08:53 Scout Tower
09:58 Guard Tower
12:54 Arcane Sanctum
15:05 Farm
15:08 Farm
15:11 Farm
15:12 Farm
15:27 Lumber Mill
» items
| Scroll of Regeneration | 2 | |
| Scroll of Town Portal | 1 | |
3 total
ImPoster[pRo] (
blue | 65 APM | 1078 actions | 16:27)
2 Warden
2 Fan of Knives
3 Death Knight
2 Death Coil
1 Unholy Aura
1 Lich
1 Frost Nova
» actions
| Assign group hotkey | 3 | |
| Basic commands | 51 | |
| Build / train | 80 | |
| ESC pressed | 1 | |
| Enter build submenu | 32 | |
| Enter hero's abilities submenu | 6 | |
| Give item / drop item | 1 | |
| Right click | 486 | |
| Select / deselect | 270 | |
| Select group hotkey | 13 | |
| Use ability | 135 | |
1078 total
» units
| Wisp | 9 | |
| Acolyte | 1 | |
| Ghoul | 3 | |
| Crypt Fiend | 10 | |
| Huntress | 13 | |
| Obsidian Statue | 1 | |
37 total
» upgrades
| Creature Attack | 1 | |
| Burrow | 1 | |
| Web | 1 | |
3 total
» buildings
| Altar of Elders | 1 | |
| Altar of Darkness | 1 | |
| Crypt | 1 | |
| Ziggurat | 5 | |
| Moon Well | 10 | |
| Graveyard | 1 | |
| Ancient of War | 2 | |
| Hunter's Hall | 2 | |
| Ancient of Wonders | 1 | |
| Slaughterhouse | 1 | |
| Tree of Ages | 4 | |
| Tomb of Relics | 1 | |
| Spirit Tower | 3 | |
| Black Citadel | 4 | |
37 total
» build order
00:16 Altar of Elders
00:20 Altar of Darkness
00:26 Crypt
00:35 Ziggurat
00:41 Moon Well
01:09 Graveyard
01:23 Ancient of War
02:07 Ziggurat
02:10 Ziggurat
02:19 Hunter's Hall
02:28 Moon Well
03:03 Ancient of Wonders
04:15 Moon Well
04:21 Moon Well
06:25 Moon Well
06:41 Ziggurat
06:47 Slaughterhouse
07:27 Moon Well
07:29 Tree of Ages
07:29 Tree of Ages
08:40 Tomb of Relics
08:44 Ziggurat
08:47 Spirit Tower
08:47 Spirit Tower
08:57 Moon Well
09:10 Hunter's Hall
09:12 Ancient of War
09:50 Black Citadel
09:50 Black Citadel
09:50 Black Citadel
10:20 Moon Well
15:16 Moon Well
15:56 Moon Well
» items
xtreme_violence (
yellow | 74 APM | 1221 actions | 16:27)
4 Death Knight
3 Death Coil
1 Unholy Aura
» actions
| Assign group hotkey | 14 | |
| Basic commands | 23 | |
| Build / train | 45 | |
| ESC pressed | 1 | |
| Enter build submenu | 16 | |
| Enter hero's abilities submenu | 4 | |
| Right click | 638 | |
| Select / deselect | 100 | |
| Select group hotkey | 353 | |
| Use ability | 27 | |
1221 total
» units
| Acolyte | 9 | |
| Ghoul | 4 | |
| Crypt Fiend | 19 | |
32 total
» upgrades
| Creature Attack | 2 | |
| Web | 1 | |
| Creature Carapace | 1 | |
4 total
» buildings
| Altar of Darkness | 1 | |
| Crypt | 2 | |
| Tomb of Relics | 2 | |
| Ziggurat | 8 | |
| Graveyard | 1 | |
| Halls of the Dead | 1 | |
| Black Citadel | 1 | |
16 total
» build order
00:52 Altar of Darkness
00:55 Crypt
01:01 Tomb of Relics
01:05 Ziggurat
01:09 Tomb of Relics
01:28 Graveyard
02:01 Ziggurat
02:59 Ziggurat
04:33 Halls of the Dead
07:09 Ziggurat
09:13 Ziggurat
09:14 Ziggurat
11:27 Black Citadel
12:10 Crypt
13:27 Ziggurat
13:30 Ziggurat
» items
team 2 (winner)
9ocket3dition (
red | 49 APM | 808 actions | 16:28)
1 Mountain King
1 Storm Bolt
» actions
| Assign group hotkey | 7 | |
| Basic commands | 39 | |
| Build / train | 34 | |
| Enter build submenu | 12 | |
| Enter hero's abilities submenu | 1 | |
| Remove unit from queue | 2 | |
| Right click | 360 | |
| Select / deselect | 187 | |
| Select group hotkey | 121 | |
| Use ability | 45 | |
808 total
» units
» upgrades
» buildings
| Altar of Kings | 1 | |
| Farm | 3 | |
| Barracks | 1 | |
| Scout Tower | 6 | |
| Lumber Mill | 1 | |
| Guard Tower | 2 | |
14 total
» build order
00:25 Altar of Kings
00:39 Farm
01:09 Barracks
04:21 Farm
05:23 Scout Tower
05:45 Lumber Mill
06:31 Farm
06:45 Guard Tower
06:48 Scout Tower
06:51 Scout Tower
07:17 Guard Tower
09:45 Scout Tower
10:21 Scout Tower
10:23 Scout Tower
» items
BigBoy-BaLLiN (
pink | 41 APM | 433 actions | 10:40)
2 Blademaster
1 Wind Walk
1 Critical Strike
2 Shadow Hunter
1 Hex
1 Healing Wave
» actions
| Basic commands | 9 | |
| Build / train | 33 | |
| Enter build submenu | 13 | |
| Enter hero's abilities submenu | 5 | |
| Remove unit from queue | 3 | |
| Right click | 214 | |
| Select / deselect | 138 | |
| Use ability | 18 | |
433 total
» units
| Peon | 9 | |
| Wind Rider | 8 | |
| Troll Batrider | -1 | |
| Raider | 1 | |
17 total
» upgrades
| Ranged Weapons | 1 | |
| Armor | 1 | |
| Shaman Training | 1 | |
3 total
» buildings
| Altar of Storms | 1 | |
| Orc Burrow | 5 | |
| War Mill | 1 | |
| Stronghold | 2 | |
| Watch Tower | 1 | |
| Beastiary | 2 | |
| Spirit Lodge | 1 | |
| Fortress | 1 | |
| Voodoo Lounge | 1 | |
15 total
» build order
00:12 Altar of Storms
00:17 Orc Burrow
00:56 War Mill
02:21 Stronghold
02:22 Stronghold
02:26 Orc Burrow
03:09 Watch Tower
04:51 Beastiary
04:54 Beastiary
05:45 Orc Burrow
05:48 Orc Burrow
06:28 Orc Burrow
07:08 Spirit Lodge
07:13 Fortress
07:44 Voodoo Lounge
» items
NewJerseyGiants (
teal | 51 APM | 741 actions | 14:34)
3 Mountain King
2 Storm Bolt
1 Bash
» actions
| Assign group hotkey | 32 | |
| Build / train | 49 | |
| Enter build submenu | 12 | |
| Enter hero's abilities submenu | 3 | |
| Right click | 282 | |
| Select / deselect | 157 | |
| Select group hotkey | 172 | |
| Use ability | 34 | |
741 total
» units
» upgrades
» buildings
| Barracks | 2 | |
| Altar of Kings | 1 | |
| Farm | 4 | |
| Arcane Vault | 1 | |
| Keep | 1 | |
| Lumber Mill | 1 | |
| Guard Tower | 3 | |
| Arcane Sanctum | 2 | |
15 total
» build order
00:09 Barracks
00:13 Altar of Kings
00:16 Farm
00:57 Farm
03:00 Farm
03:05 Farm
03:54 Barracks
04:06 Arcane Vault
04:34 Keep
04:38 Lumber Mill
07:55 Guard Tower
08:23 Guard Tower
09:06 Guard Tower
09:20 Arcane Sanctum
09:26 Arcane Sanctum
» items
| Mechanical Critter | 1 | |
| Lesser Clarity Potion | 1 | |
| Scroll of Regeneration | 3 | |
| Ivory Tower | 3 | |
| Potion of Mana | 1 | |
9 total
BloodMageOnly (
purple | 52 APM | 856 actions | 16:28)
1 Blood Mage
1 Flame Strike
» actions
| Assign group hotkey | 14 | |
| Basic commands | 131 | |
| Build / train | 14 | |
| Enter build submenu | 3 | |
| Enter hero's abilities submenu | 1 | |
| Remove unit from queue | 1 | |
| Right click | 525 | |
| Select / deselect | 88 | |
| Select group hotkey | 44 | |
| Use ability | 35 | |
856 total
» units
» buildings
» build order
00:19 Altar of Kings
00:33 Farm
» items
| Scroll of Regeneration | 1 | |
| Lesser Clarity Potion | 1 | |
2 total
Chat log
(00:03 / All) 9ocket3dition: gg
(00:06 / All) ImPoster[pRo]: LOL
(00:13 / All) BloodMageOnly: hey red
(00:16 / All) BloodMageOnly: hows it going man
(00:22 / All) 9ocket3dition: o heay
(00:27 / All) BigBoy-BaLLiN: can yall handle it
(00:43 / All) BloodMageOnly: red you shouldn't say "gg" like that at the start of the game
(00:47 / All) BloodMageOnly: it makes you look like a dick
(00:48 / Allies) NewJerseyGiants: feet to copter tank
(00:52 / All) 9ocket3dition: ha
(00:55 / All) 9ocket3dition: pretty much
(01:02 / All) ImPoster[pRo]: and makes him overconfident
(01:05 / All) 9ocket3dition: still going to own it
(01:09 / All) BloodMageOnly: are you sure?
(01:15 / Allies) 9ocket3dition: either that
(01:16 / Allies) NewJerseyGiants: having testes under your chin makes you look like a dick
(01:23 / All) BloodMageOnly: or am I goign to crank out a blood mage, turn my peasants to militia, town portal to your base, and kill you?
(01:23 / Allies) 9ocket3dition: or be ballsy about losing
(01:24 / Allies) 9ocket3dition: rofl
(01:31 / All) ImPoster[pRo]: :O
(01:39 / All) 9ocket3dition: na lolol
(01:40 / All) BloodMageOnly: ready to apologize red?
(01:49 / All) 9ocket3dition: shit
(01:50 / All) ImPoster[pRo]: do it man
(01:51 / All) 9ocket3dition: yeah
(01:53 / All) ImPoster[pRo]: DO IT
(01:56 / All) ImPoster[pRo]: DO IT
(01:56 / All) BloodMageOnly: too late
(01:57 / All) 9ocket3dition: i appologize
(02:02 / All) ImPoster[pRo]: SAY UR SORRY L
(02:27 / All) NewJerseyGiants: bc its 2 late to apologize
(02:32 / All) NewJerseyGiants: its 2 late
(02:33 / All) ImPoster[pRo]: TOO LATE
(03:22 / Allies) BigBoy-BaLLiN: get him now red
(03:29 / Allies) 9ocket3dition: i cant
(03:34 / Allies) BloodMageOnly: Im on a 1-6 account do I care
(03:58 / All) BloodMageOnly: pink is backstabbing
(04:07 / All) xtreme_violence: sorry
(04:13 / All) WittheQuickness: cool id belive u
(06:01 / Allies) 9ocket3dition: stop now
(06:05 / Allies) 9ocket3dition: you win at bsing
(06:08 / Allies) 9ocket3dition: let me recover
(06:11 / All) BigBoy-BaLLiN: yeah kill him yello
(06:45 / All) NewJerseyGiants: whats sad is i fucked green and blue up
(06:55 / All) ImPoster[pRo]: im playing 2 ppl
(07:02 / All) xtreme_violence: green left
(07:05 / All) ImPoster[pRo]: yeah
(07:07 / All) NewJerseyGiants: im playing 1
(07:18 / All) NewJerseyGiants: so 2 vs 1 ? sucker
(07:23 / All) ImPoster[pRo]: LOL
(07:48 / Allies) BigBoy-BaLLiN: omw
(09:04 / Allies) 9ocket3dition: thx pink
(09:47 / All) BloodMageOnly: hey red
(09:48 / All) BloodMageOnly: gg
(09:52 / All) ImPoster[pRo]: LOL
(10:28 / Allies) NewJerseyGiants: green and yellow makes blue
(10:30 / Allies) 9ocket3dition: you can't make blue
(10:33 / Allies) 9ocket3dition: it's a primary color
(10:40 / All) ImPoster[pRo]: MICRO PRO
(11:30 / All) ImPoster[pRo]: LIKE THAT
(12:31 / Allies) 9ocket3dition: can you fukcing leave
(12:32 / Allies) 9ocket3dition: nigger
(12:41 / All) ImPoster[pRo]: LOL
(12:44 / All) ImPoster[pRo]: GG?
(12:52 / All) xtreme_violence: close game
(12:55 / All) 9ocket3dition: purple is an extreme nigger
(12:56 / Allies) NewJerseyGiants: yo i did fuck them up
(12:56 / All) ImPoster[pRo]: LOL
(13:00 / All) BloodMageOnly: hey red
(13:00 / All) BloodMageOnly: gg
(13:03 / Allies) NewJerseyGiants: purple is mad cause ghe cabt even bs
(13:06 / All) ImPoster[pRo]: LOL GG NOOBN
(13:07 / All) 9ocket3dition: suck my cock fag
(13:16 / All) 9ocket3dition: i got something for you
(13:19 / All) BloodMageOnly: lol teal did you win? No? Then mission fucking accomplished. :)
(13:36 / All) 9ocket3dition: you are lucky
(13:39 / All) 9ocket3dition: that blizzard
(13:42 / Allies) NewJerseyGiants: the mission that you suck
(13:43 / All) 9ocket3dition: hates us so mush
(13:53 / All) 9ocket3dition: because if they loved us customers
(13:55 / Allies) NewJerseyGiants: and couldnt even bs
(13:59 / Allies) NewJerseyGiants: lol
(14:00 / All) ImPoster[pRo]: LOL red shhh
(14:02 / All) 9ocket3dition: they would have an ip ban on you fags
(14:03 / All) ImPoster[pRo]: u suck
(14:06 / All) xtreme_violence: youre an idiot.
(14:12 / All) 9ocket3dition: who are you?
(14:14 / All) ImPoster[pRo]: leave bnet
(14:18 / Allies) NewJerseyGiants: watch the replay you guys suck
(14:22 / All) NewJerseyGiants: Lol
(14:22 / All) ImPoster[pRo]: IamPromise
(14:28 / All) ImPoster[pRo]: now leave
(14:30 / All) NewJerseyGiants: puorle bs fails
(14:43 / All) ImPoster[pRo]: AHAHHAHA
(14:44 / All) 9ocket3dition: spic bitch purple
(14:47 / All) ImPoster[pRo]: NOOBS LEAVE
(14:53 / All) BloodMageOnly: red you have only yourself to blame
(14:54 / All) ImPoster[pRo]: BITCHES STAY
(14:57 / All) 9ocket3dition: wop fuck
(15:00 / All) BloodMageOnly: thats what you get for prematurely GGing
(15:04 / All) ImPoster[pRo]: its true red
(15:11 / All) ImPoster[pRo]: only fags do that
(15:11 / All) 9ocket3dition: it's a joke
(15:18 / All) BloodMageOnly: jokes on you
(15:18 / All) ImPoster[pRo]: whats that>
(15:24 / All) 9ocket3dition: illumaniti fuck
(15:27 / All) 9ocket3dition: not really
(15:38 / All) 9ocket3dition: go back to your den troll
(15:48 / All) 9ocket3dition: shitsucking queer
(15:52 / All) ImPoster[pRo]: actually trolls live under bridges
(15:59 / All) ImPoster[pRo]: but good try
(16:02 / All) 9ocket3dition: ignorant fuck
(16:05 / All) 9ocket3dition: trolls?
(16:09 / All) ImPoster[pRo]: yes
(16:12 / All) 9ocket3dition: you are going to educate ME on trolls?
(16:13 / All) xtreme_violence: gg
(16:15 / All) BloodMageOnly: collegehumor.com / internet bridge troll
(16:16 / All) ImPoster[pRo]: yeah
(16:24 / All) 9ocket3dition: my life is trolls